 Dungeon Crawl Stone Soup version 0.22.1-1-ga44c0e56f4 (webtiles) character file.

9275 Nixze the Carver (level 11, -4/104 HPs)
             Began as a Minotaur Berserker on Nov 4, 2018.
             Was a High Priest of Trog.
             Slain by a freezing wraith (18 damage)
             ... on level 2 of the Abyss.
             The game lasted 00:31:09 (11344 turns).

Nixze the Carver (Minotaur Berserker)              Turns: 11344, Time: 00:31:10

Health: -4/104     AC:  8    Str: 25    XL:     11   Next: 20%
Magic:  10/10      EV:  7    Int:  4    God:    Trog [*****.]
Gold:   597        SH: 17    Dex: 10    Spells: 10/10 levels left

rFire    . . .     SeeInvis .   D - +1 long sword
rCold    . . .     Gourm    .   A - +0 large shield
rNeg     . . .     Faith    .   j - +0 scale mail
rPois    +         Spirit   .   (helmet restricted)
rElec    .         Reflect  .   (no cloak)
rCorr    .         Harm     .   (no gloves)
MR       .....                  (no boots)
Stlth    ..........             (no amulet)
HPRegen  0.27/turn              a - ring of poison resistance
MPRegen  0.12/turn              (no ring)

@: berserk cooldown, slowed, very slow
A: retaliatory headbutt, horns 2
a: Berserk, Trog's Hand, Brothers in Arms, Renounce Religion


You were on level 2 of the Abyss.
You worshipped Trog.
Trog was extremely pleased with you.
You were not hungry.

You visited 1 branch of the dungeon, and saw 10 of its levels.
You visited the Abyss 1 time.
You also visited: Ossuary.

You collected 837 gold pieces.
You spent 240 gold pieces at shops.

Inventory:

Hand Weapons
 B - a +0 dagger of venom
 D - a +1 long sword (weapon)
Armour
 j - a +0 scale mail (worn)
 q - a +0 leather armour of magic resistance
 A - a +0 large shield (worn)
Jewellery
 a - a ring of poison resistance (left hand)
 k - an uncursed ring of fire
 I - an uncursed ring of magical power {unknown}
Wands
 h - a wand of enslavement (15)
 m - a wand of random effects (39)
 x - a wand of flame (47)
 F - a wand of acid (5)
 H - a wand of iceblast (6)
 J - a wand of polymorph (17)
Scrolls
 i - a scroll of identify
 l - 4 scrolls of remove curse
 n - 2 scrolls of teleportation
 o - 2 scrolls of fog
 p - a scroll of enchant armour {unknown}
 s - 4 scrolls of enchant weapon
 v - a scroll of noise {unknown}
 w - a scroll of random uselessness {unknown}
 y - a scroll of magic mapping
 E - 2 scrolls of immolation {unknown}
Potions
 b - a potion of heal wounds
 d - a potion of haste {unknown}
 e - 3 potions of lignification
 f - a potion of ambrosia {unknown}
 g - 9 potions of curing
 r - 2 potions of magic {unknown}
 t - a potion of brilliance {unknown}
 u - 2 potions of agility {unknown}
 z - 3 potions of flight
 C - 3 potions of berserk rage
 G - 2 potions of resistance
Comestibles
 c - 15 rations


   Skills:
 + Level 12.1 Fighting
 + Level 12.1 Long Blades
 + Level 9.3 Armour
 - Level 2.1 Dodging
 + Level 9.0 Shields


You had 10 spell levels left.
You didn't know any spells.
Your spell library was empty.

Dungeon Overview and Level Annotations

Branches:
Dungeon (10/15)            Temple (0/1) D:4            Lair (0/6) D:8
    Orc (0/2) D:9

Altars:
Ashenzari
Okawaru
Vehumet

Shops:
D:6 *

Annotations:
D:8 2 transporters, D1HalberdGnoll's ghost, novice DrCj
D:10 Sonja


Innate Abilities, Weirdness & Mutations

You reflexively headbutt those who attack you in melee.
You have a pair of horns on your head.


Message History

Trog accepts your kill.
Your Shields skill increases to level 9!
The freezing wraith closely misses you. The freezing wraith hits you!
The freezing wraith drains your vigour!
You feel as though you will be slow longer.
The starcursed mass shrieks in your mind.
You block the freezing wraith's attack. The freezing wraith hits you.
You hit the freezing wraith but do no damage.
The freezing wraith barely misses you. You furiously retaliate!
You headbutt the freezing wraith, but do no damage.
The freezing wraith hits you but does no damage.
You closely miss the freezing wraith. You block the freezing wraith's attack.
The freezing wraith hits you.
* * * LOW HITPOINT WARNING * * *
The starcursed mass engulfs you!
* * * LOW HITPOINT WARNING * * *
You block the starcursed mass's attack. The freezing wraith hits you!
* * * LOW HITPOINT WARNING * * *
The freezing wraith freezes you!!
You die...

. . ### ## ..
..# # # . ..X.#
# #. .# .#.##
### ###X.. .. .
##..##.. ## ...
#.#.#.. .# 3X ..
. #XX.#.#§X T4
.## #
#@##.T.#.#.####.
#W..#.##...##
#..###..... .# #
..## .#.#.###.#
### #...#. .#
#.. ..# . . # #
# ..


You could see 2 starcursed masses and a freezing wraith.

Vanquished Creatures
  3 two-headed ogres
  5 gargoyles (D:7)
  A hellwing (Abyss:2)
  A troll (D:10)
  2 hippogriffs
  A wyvern (D:9)
  2 fire bats (Abyss:2)
  The ghost of xpt754 the Slasher, an amateur MiGl of Qazlal (D:3)
  2 hungry ghosts (D:8)
  5 yaks (D:10)
  A small abomination (Abyss:1)
  2 sky beasts
  An orc warrior (D:10)
  A black bear (D:8)
  A necrophage (D:9)
  A phantom (D:4)
  4 ogres
  5 centaurs
  4 bullfrogs
  A wyvern zombie (D:10)
  A scorpion (D:8)
  A killer bee (D:9)
  2 howler monkeys (D:6)
  A centaur zombie (D:6)
  3 crimson imps
  3 bullfrog skeletons
  2 jellies
  6 hounds
  4 orc priests
  8 orc wizards
  Terence (D:2)
  2 iguanas
  5 worker ants
  A hound zombie (D:4)
  A howler monkey zombie (D:9)
  9 mummies
  Robin (D:2)
  A howler monkey skeleton (D:5)
  3 gnolls (D:4)
  12 adders
  5 shadow imps
  A worker ant simulacrum (D:3)
  2 oozes
  An adder zombie (D:6)
  An adder skeleton (D:6)
  3 worms
  5 dart slugs
  An adder simulacrum (D:3)
  4 leopard geckos
  26 orcs
  3 ball pythons
  7 giant cockroaches
  19 goblins
  7 hobgoblins
  13 jackals
  4 quokkas
  A ball python skeleton (D:5)
  6 bats
  4 frilled lizards
  A hobgoblin zombie (Ossuary)
  A jackal skeleton (D:7)
  10 kobolds
  A kobold zombie (Ossuary)
  3 leopard gecko simulacra (D:3)
  A leopard gecko skeleton (D:4)
  6 orc zombies (Ossuary)
  A quokka skeleton (D:4)
  11 rats
259 creatures vanquished.

Vanquished Creatures (collateral kills)
  2 large abominations (Abyss:2)
  3 starcursed masses (Abyss:2)
5 creatures vanquished.

Vanquished Creatures (others)
  A plant (D:10)
1 creature vanquished.

Grand Total: 265 creatures vanquished

Notes
Turn   | Place    | Note
-------+----------+-------------------------------------------
     0 | D:1      | Nixze the Minotaur Berserker began the quest for the Orb.
     0 | D:1      | Reached XP level 1. HP: 19/19 MP: 0/0
   428 | D:1      | Reached XP level 2. HP: 27/27 MP: 1/1
   857 | D:1      | Reached XP level 3. HP: 34/34 MP: 2/2
  1154 | D:2      | Noticed Terence
  1160 | D:2      | Killed Terence
  1266 | D:2      | Reached XP level 4. HP: 41/41 MP: 3/3
  1302 | D:2      | Reached skill level 5 in Fighting
  1302 | D:2      | Reached skill level 5 in Long Blades
  1313 | D:2      | Noticed Robin
  1316 | D:2      | Reached ** piety under Trog
  1325 | D:2      | Killed Robin
  1768 | D:3      | Reached XP level 5. HP: 46/48 MP: 4/4
  1861 | D:3      | Noticed xpt754's ghost (amateur MiGl)
  2092 | D:3      | Reached *** piety under Trog
  2129 | D:3      | Found a runed gate.
  2129 | D:3      | Found a runed gate.
  2133 | D:3      | Found a runed gate.
  2219 | D:3      | Killed xpt754's ghost
  2219 | D:3      | Reached XP level 6. HP: 58/58 MP: 5/5
  3818 | D:4      | Reached XP level 7. HP: 38/66 MP: 6/6
  4314 | D:4      | Reached **** piety under Trog
  4649 | D:4      | Found a staircase to the Ecumenical Temple.
  4756 | D:5      | Entered Level 5 of the Dungeon
  4797 | D:5      | Reached XP level 8. HP: 70/75 MP: 7/7
  4976 | D:5      | Reached skill level 1 in Shields
  6150 | D:6      | Found a radiant altar of Vehumet.
  6382 | D:6      | Found Udynwodi's Serpentskin Sales.
  6396 | D:6      | Bought an uncursed ring of poison resistance for 240 gold
                  | pieces
  6978 | D:7      | Reached XP level 9. HP: 74/84 MP: 8/8
  7064 | D:7      | Reached skill level 5 in Armour
  7340 | D:7      | Found a shattered altar of Ashenzari.
  7368 | D:7      | Reached ***** piety under Trog
  7518 | D:7      | Noticed a gargoyle
  7522 | D:7      | Killed a gargoyle
  7522 | D:7      | Reached skill level 10 in Fighting
  7522 | D:7      | Reached skill level 10 in Long Blades
  7522 | D:7      | Reached skill level 5 in Shields
  7557 | D:7      | Noticed a gargoyle
  7568 | D:7      | Killed a gargoyle
  7864 | D:7      | Noticed a gargoyle
  7881 | D:7      | Killed a gargoyle
  8178 | D:7      | Noticed a gargoyle
  8186 | D:7      | Killed a gargoyle
  8287 | D:7      | Noticed a gargoyle
  8291 | D:7      | Killed a gargoyle
  8418 | D:8      | Found a transporter.
  8437 | D:8      | Reached XP level 10. HP: 85/94 MP: 9/9
  8453 | D:8      | Noticed a two-headed ogre
  8454 | D:8      | Found a sand-covered staircase.
  8464 | D:8      | Killed a two-headed ogre
  8469 | D:8      | Received a gift from Trog
  8491 | Ossuary  | Entered an ossuary
  8871 | D:8      | Found a staircase to the Lair.
  9271 | D:8      | Noticed a two-headed ogre
  9278 | D:8      | Killed a two-headed ogre
  9364 | D:8      | Found a transporter.
  9365 | D:8      | Noticed D1HalberdGnoll's ghost (novice DrCj)
  9365 | D:8      | Noticed a two-headed ogre
 10122 | D:9      | Found a staircase to the Orcish Mines.
 10125 | D:9      | Noticed a two-headed ogre
 10132 | D:9      | Killed a two-headed ogre
 10586 | D:10     | Entered Level 10 of the Dungeon
 10617 | D:10     | Reached XP level 11. HP: 52/104 MP: 10/10
 11144 | D:10     | Found an iron altar of Okawaru.
 11148 | D:10     | Noticed Sonja
 11149 | D:10     | Cast into level 1 of the Abyss (Sonja)
 11293 | Abyss:2  | Found an ornate altar of the Wu Jian Council.
 11311 | Abyss:2  | Noticed a starcursed mass
 11331 | Abyss:2  | Noticed a tentacled starspawn
 11335 | Abyss:2  | Killed a starcursed mass
 11344 | Abyss:2  | Slain by a freezing wraith

Skill      XL: |  1  2  3  4  5  6  7  8  9 10 11 |
---------------+----------------------------------+-----
Fighting       | 4 5 6 7 8 9 10 11 12 | 12.1
Long Blades    | 4 5 6 7 8 9 10 11 12 | 12.1
Shields        | 4 6 8 9 |  9.0
Armour         | 4 7 8 9 |  9.3
Dodging        | |  2.1

Action                   |  1- 3 |  4- 6 |  7- 9 | 10-12 || total
-------------------------+-------+-------+-------+-------++-------
Melee: Falchion          |    67 |   148 |   168 |       ||   383
       Headbutt          |    12 |    26 |    74 |    47 ||   159
       Long sword        |       |       |   141 |   258 ||   399
Invok: Berserk           |     1 |     2 |     6 |     4 ||    13
       Trog's Hand       |       |       |       |     1 ||     1
       Brothers in Arms  |       |       |       |     1 ||     1
Evoke: Wand              |       |       |       |     1 ||     1
  Use: Scroll            |       |       |     6 |     7 ||    13
       Potion            |       |       |       |     1 ||     1
  Eat: Chunk             |     2 |     9 |     8 |    11 ||    30
       Ration            |       |       |     4 |     2 ||     6
Armor: Animal skin       |     6 |       |       |       ||     6
       Scale mail        |    14 |    45 |    65 |    52 ||   176
Dodge: Dodged            |    42 |    83 |    65 |    38 ||   228
Block: Large shield      |       |       |   161 |   181 ||   342
       Rpst.: Falchion   |     6 |    17 |    15 |       ||    38
       Long sword        |       |       |     6 |     4 ||    10
